 Dungeon Crawl Stone Soup version 0.28-a0-1190-g77e1c55843 (webtiles) character file.

Game seed: 10796002354234123306

2898 bearlyready the Tainter (level 9, -4/74 HPs)
             Began as a White Draconian Venom Mage on Dec 19, 2021.
             Was an Initiate of Gozag.
             Slain by a manticore (8 damage)
             ... on level 8 of the Dungeon.
             The game lasted 00:13:56 (8790 turns).

bearlyready the Tainter (DrVM)                      Turns: 8790, Time: 00:13:56

Health: -4/74      AC: 17    Str: 10 (12) XL:     9   Next: 49%
Magic:  5/12       EV: 10    Int: 24 (25) God:    Gozag
Gold:   365        SH:  9    Dex: 10 (11) Spells: 7/12 levels left

rFire   . . .      SeeInvis +   o - +1 falchion (protect)
rCold   + . .      Faith    .   g - +0 kite shield
rNeg    . . .      Spirit   .   (armour unavailable)
rPois   .          Reflect  .   (helmet restricted)
rElec   .          Harm     .   p - +0 cloak
rCorr   .          Rampage  .   H - +0 pair of gloves
Will    .....                   B - +0 pair of boots
Stlth   ++........              (no amulet)
HPRegen 0.22/turn               M - +6 ring of intelligence
MPRegen 0.13/turn               m - ring of see invisible

@: spiked, under a protective aura, hasted, very quick
A: breathe frost, AC +7, unfitting armour, cold resistance 1, cold-blooded
a: Breathe Frost, Renounce Religion, Potion Petition, Call Merchant, Bribe
Branch


You were on level 8 of the Dungeon.
You worshipped Gozag.
Gozag was aware of your devotion.
You visited 1 branch of the dungeon, and saw 8 of its levels.

You collected 952 gold pieces.
You paid 587 gold pieces to Gozag.

Inventory:

Hand Weapons
 a - a +0 short sword
 o - a +1 falchion of protection (weapon)
 y - a +0 vampiric hand axe
 A - a +0 war axe of electrocution
Missiles
 w - 14 poisoned darts
Armour
 g - a +0 kite shield (worn)
 p - a +0 cloak (worn)
 B - a +0 pair of boots (worn)
 H - a +0 pair of gloves (worn)
Magical Staves
 f - a staff of conjuration
Jewellery
 e - a ring of resist corrosion
 m - a ring of see invisible (right hand)
 M - a +6 ring of intelligence (left hand)
Wands
 F - a wand of iceblast (4)
 J - a wand of polymorph (8)
Scrolls
 b - 3 scrolls of noise
 c - 3 scrolls of immolation
 l - 3 scrolls of teleportation
 n - a scroll of fog {unknown}
 q - a scroll of enchant armour {unknown}
 u - 2 scrolls of amnesia {unknown}
 C - 2 scrolls of blinking {unknown}
 I - a scroll of magic mapping {unknown}
Potions
 d - a potion of lignification {unknown}
 i - a potion of curing {unknown}
 j - a potion of might {unknown}
 k - a potion of berserk rage {unknown}
 r - 2 potions of mutation
 t - a potion of brilliance {unknown}
 x - 3 potions of magic
 z - a potion of invisibility {unknown}
 E - 2 potions of attraction {unknown}
 G - a potion of haste
 K - a potion of flight {unknown}
 L - a potion of degeneration


   Skills:
 - Level 5.1 Fighting
 - Level 1.7 Dodging
 - Level 1.7 Stealth
 + Level 5.9 Shields
 - Level 2.0 Spellcasting
 - Level 1.0 Transmutations
 + Level 11.1 Poison Magic


You had 7 spell levels left.
You knew the following spells:

 Your Spells              Type           Power      Damage    Failure   Level
a - Sting                 Tmut/Pois      100%       1d8       3%          1
b - Olgreb's Toxic Radia  Pois           54%        N/A       4%          4

Your spell library contained the following spells:

 Spells                   Type           Power      Damage    Failure   Level
 Poisonous Vapours        Pois/Air       58%        N/A       6%          2
 Mephitic Cloud           Conj/Pois/Air  20%        N/A       26%         3
 Foxfire                  Conj/Fire      8%         2x1d4     36%         1
 Conjure Flame            Conj/Fire      2%         6-21      75%         3
 Dazzling Flash           Conj/Hex       4%         N/A       75%         3
 Inner Flame              Hex/Fire       2%         N/A       75%         3
 Flame Wave               Conj/Fire      2%         2d4       98%         4
 Agony                    Necr           2%         N/A       100%        5
 Silence                  Hex/Air        1%         N/A       100%        5


Dungeon Overview and Level Annotations

Branches:
Dungeon (8/15)             Temple (0/1) D:5
   Lair: D:8-11

Altars:
Dithmenos
Elyvilon
Gozag
Hepliaklqana
Makhleb
Qazlal
Sif Muna
Uskayaw
Xom
Zin

Annotations:
D:5 2 runed translucent doors, AigisTheKnight's ghost, amateur DrCj


Innate Abilities, Weirdness & Mutations

You can breathe waves of freezing cold which knock back foes.
Your icy white scales are hard. (AC +7)
You cannot fit into any form of body armour.
Your flesh is cold resistant. (rC+)
You are cold-blooded and may be slowed by cold attacks.


Message History

The volley of spikes hits you!!
The barbed spikes become lodged in your body.
* * * LOW HITPOINT WARNING * * *
As you read the scroll of fear, it crumbles to dust.
You assume a fearsome visage.
The manticore looks frightened!
The cyclops looks frightened!
Your attack snaps the manticore out of its fear.
Your attack snaps the cyclops out of its fear.
The manticore flicks its tail.
The volley of spikes hits you.
The barbed spikes become lodged in your body.
* * * LOW HITPOINT WARNING * * *
It was a potion of degeneration.
There was something very wrong with that liquid.
You feel weakened.
You feel dopey.
You feel clumsy.
The cyclops looks as sick as possible!
Your toxic aura wanes.
Aiming: Iceblast
Press: ? - help, Shift-Dir - straight line, f - manticore, p - cyclops
Aim: a manticore (heavily wounded, very poisoned)
The mass of ice explodes!
The iceblast engulfs the manticore!
The manticore is severely wounded.
You hear an angry buzzing noise.
The manticore flicks its tail.
The volley of spikes hits you!
The barbed spikes become lodged in your body.
* * * LOW HITPOINT WARNING * * *
Aiming: Iceblast
Press: ? - help, Shift-Dir - straight line, f/p - manticore
Aim: a manticore (severely wounded, very poisoned)
The mass of ice explodes!
The iceblast engulfs the manticore!
The manticore is almost dead.
You hear an angry buzzing noise.
You hit the manticore but do no damage.
The manticore is almost dead.
You hit the manticore but do no damage. You tail-slap the manticore.
The manticore is almost dead.
The manticore closely misses you. The manticore claws you!
You die...
Your body crumbles into a pile of gold.

.#################
.......).)...(...#
...H.##.)##.##.#.#
..##.##(.##@##.#.#
#......H.##.#.#
####..#####...#
#........###
...######.# #.###
##.###### #
#.......#
#..####.#
#..####.#


You could see a manticore (very poisoned).

Vanquished Creatures
  Pikel (D:7)
  A salamander (shapeshifter) (D:8)
  Grinder (D:3)
  A wyvern (D:8)
  Duvessa (D:6)
  A necrophage (D:5)
  2 centaurs
  2 phantoms
  A bullfrog (D:7)
  A scorpion (D:6)
  A water moccasin skeleton (D:3)
  Dowan (D:6)
  5 killer bees (D:7)
  2 centaur zombies
  3 jellies
  2 hounds
  4 orc priests
  Crazy Yiuf (D:7)
  A gnoll shaman (D:7)
  2 iguanas
  3 orc wizards
  Natasha (thrice) (D:3)
  A killer bee zombie (D:6)
  A howler monkey zombie (D:6)
  4 gnolls (D:7)
  8 adders
  An adder skeleton (D:4)
  2 worms
  4 dart slugs
  13 orcs
  3 bats
  7 endoplasms
  4 giant cockroaches
  5 goblins
  7 hobgoblins
  7 kobolds
  8 quokkas
  8 ball pythons
  5 frilled lizards
  5 rats
133 creatures vanquished.

Vanquished Creatures (others)
  2 plants (D:4)
2 creatures vanquished.

Grand Total: 135 creatures vanquished

Notes
Turn   | Place    | Note
-------+----------+-------------------------------------------
     0 | D:1      | bearlyready the Draconian Venom Mage began the quest for
                  | the Orb.
     0 | D:1      | Reached XP level 1. HP: 14/14 MP: 3/3
   241 | D:1      | Reached XP level 2. HP: 20/20 MP: 5/5
   579 | D:1      | Reached skill level 4 in Poison Magic
  1097 | D:1      | Reached XP level 3. HP: 24/26 MP: 6/6
  1125 | D:1      | Found a faded altar of an unknown god.
  1675 | D:2      | Found an opulent altar of Gozag.
  1824 | D:2      | Became a worshipper of Gozag Ym Sagoz the Greedy
  2004 | D:2      | Reached XP level 4. HP: 33/33 MP: 7/7
  2117 | D:2      | Reached skill level 5 in Poison Magic
  2479 | D:3      | Noticed Natasha
  2487 | D:3      | Killed Natasha
  2590 | D:3      | Learned a level 4 spell: Olgreb's Toxic Radiance
  2628 | D:3      | Noticed Grinder
  2655 | D:3      | Killed Grinder
  2656 | D:3      | Reached skill level 7 in Poison Magic
  2656 | D:3      | Reached XP level 5. HP: 9/38 MP: 0/8
  2656 | D:3      | Reached XP level 6. HP: 11/45 MP: 0/9
  2805 | D:3      | Noticed Natasha
  2814 | D:3      | Killed Natasha
  3252 | D:3      | Noticed Natasha
  3259 | D:3      | Killed Natasha
  3662 | D:4      | Found a hazy altar of Hepliaklqana.
  4018 | D:4      | Reached skill level 8 in Poison Magic
  4660 | D:4      | Your scales start taking on an icy white colour.
  4660 | D:4      | Reached XP level 7. HP: 42/50 MP: 10/10
  4660 | D:4      | Gained mutation: Your flesh is cold resistant. (rC+) [White
                  | Draconian growth]
  5020 | D:5      | Entered Level 5 of the Dungeon
  5029 | D:5      | Reached skill level 1 in Fighting
  5046 | D:5      | Found a runed translucent door.
  5301 | D:5      | Found a staircase to the Ecumenical Temple.
  5558 | D:5      | Found a runed translucent door.
  5562 | D:5      | Noticed AigisTheKnight's ghost (amateur DrCj)
  5742 | D:5      | Found a white marble altar of Elyvilon.
  5745 | D:5      | Found a burning altar of Makhleb.
  5745 | D:5      | Found a shimmering altar of Xom.
  5747 | D:5      | Found a shimmering altar of Xom.
  5747 | D:5      | Found an opulent altar of Gozag.
  5747 | D:5      | Found a hazy altar of Hepliaklqana.
  5838 | D:5      | Found a burning altar of Makhleb.
  5968 | D:5      | Found a glowing silver altar of Zin.
  6197 | D:6      | Noticed Dowan
  6201 | D:6      | Noticed Duvessa
  6208 | D:6      | Reached XP level 8. HP: 63/66 MP: 2/11
  6214 | D:6      | Killed Dowan
  6215 | D:6      | Reached skill level 9 in Poison Magic
  6227 | D:6      | Killed Duvessa
  6658 | D:6      | Reached skill level 5 in Fighting
  6721 | D:6      | Found a shadowy altar of Dithmenos.
  6738 | D:6      | Reached skill level 1 in Shields
  6869 | D:6      | Found a hide-covered altar of Uskayaw.
  6935 | D:6      | Found a shimmering blue altar of Sif Muna.
  7135 | D:6      | Found a stormy altar of Qazlal.
  7378 | D:7      | Reached skill level 10 in Poison Magic
  7621 | D:7      | Noticed Pikel
  7641 | D:7      | Killed Pikel
  7642 | D:7      | Reached XP level 9. HP: 57/74 MP: 5/12
  7931 | D:7      | Found a runed translucent door.
  7932 | D:7      | Noticed Crazy Yiuf
  8130 | D:7      | Killed Crazy Yiuf
  8298 | D:8      | HP: 2/74 [wyvern (4)]
  8302 | D:8      | Reached skill level 5 in Shields
  8315 | D:8      | Noticed a manticore
  8315 | D:8      | Noticed a cyclops
  8315 | D:8      | Noticed an unseen horror
  8331 | D:8      | Found a white marble altar of Elyvilon.
  8513 | D:8      | Noticed a guardian serpent
  8514 | D:8      | Noticed a black mamba
  8514 | D:8      | a guardian serpent changed into a black mamba
  8523 | D:8      | Noticed a polar bear
  8523 | D:8      | a black mamba changed into a polar bear
  8527 | D:8      | a polar bear changed into a shapeshifter
  8528 | D:8      | Noticed a salamander
  8528 | D:8      | a shapeshifter changed into a salamander
  8542 | D:8      | Killed a salamander
  8543 | D:8      | Reached skill level 11 in Poison Magic
  8787 | D:8      | HP: 3/74 [manticore/volley of spikes (14)]
  8790 | D:8      | Slain by a manticore

Illustrated notes

Levels and vault maps discovered:
D:1:      dpeg_arrival_water_fire, layout_basic, ebering_ecumenical_altar_mist,
          minivault_27
D:2:      layout_loops_cross, basic_altar
D:3:      layout_basic, minmay_quadrilaterals, uniq_grinder, uniq_natasha
D:4:      layout_layer_cave, mainiacjoe_overflow_brackets, serial_bayou_pond_a
D:5:      layout_loops_ring, mainiacjoe_overflow_alcove_4, doesnt_xom_only_xom,
          makhleb_heckhound_becter, minmay_temple_entry_sparse_star,
          ebering_ghost_sewer_f
D:6:      layout_rooms, lemuel_tele_altar, nicolae_uskayaw_suspiria,
          grunt_dithmenos_shadows, nicolae_qazlal_scattered_showers,
          serial_curves, eino_curves_02, eino_curves_03, minmay_strange_pillars,
          minmay_hedge_maze, uniq_duvessa
D:7:      layout_cave_pools, uniq_crazy_yiuf_cottage, uniq_pikel
D:8:      layout_loops_cross, nicolae_ru_path_of_blood,
          mainiacjoe_overflow_boulevard, lemuel_zombie_altar_yredelemnul,
          kb_rosetta

Skill      XL: |  1  2  3  4  5  6  7  8  9 |
---------------+----------------------------+-----
Poison Magic   | 4 7 8 10 11 | 11.1
Fighting       | 4 5 |  5.1
Shields        | 4 5 |  5.9
Dodging        | |  1.7
Stealth        | |  1.7
Spellcasting   | |  2.0
Transmutations | |  1.0

Action                   |  1- 3 |  4- 6 |  7- 9 || total
-------------------------+-------+-------+-------++-------
Melee: Short sword       |   108 |    27 |       ||   135
       Tailslap          |     6 |    14 |    39 ||    59
       Unarmed           |     1 |       |       ||     1
       Falchion          |       |   141 |   295 ||   436
       Hand axe          |       |     8 |       ||     8
Throw: Throwing net      |       |       |     2 ||     2
       Dart              |       |       |     2 ||     2
 Cast: Sting             |    15 |    12 |    29 ||    56
       Olgreb's Toxic Ra |       |       |    14 ||    14
Invok: Potion Petition   |       |       |     2 ||     2
 Abil: Breathe Frost     |       |       |     7 ||     7
Evoke: Wand              |       |       |     3 ||     3
  Use: Scroll            |       |       |     8 ||     8
       Potion            |       |       |     5 ||     5
 Stab: Sleeping          |     4 |     5 |     7 ||    16
       Distracted        |       |       |     2 ||     2
Armor: Skin              |    46 |    88 |   228 ||   362
Dodge: Dodged            |    77 |   113 |   221 ||   411
Block: Kite shield       |       |       |    94 ||    94

Table legend: (Time is in decaauts)
 A = Elapsed time spent in this place.
 B = Non-inter-level travel time spent in this place.
 C = Inter-level travel time spent in this place.
 D = Time resting spent in this place.
 E = Time spent auto-exploring this place.
 F = Levels seen in this place.
 G = Mean time per level.
                   A        B        C        D        E       F      G
               +--------+--------+--------+--------+--------+-----+--------+
         Total |   8954 |   8690 |    264 |    261 |   6745 |   8 | 1119.2 |
       Dungeon |   8954 |   8690 |    264 |    261 |   6745 |   8 | 1119.2 |
               +--------+--------+--------+--------+--------+-----+--------+

Top non-repeatable levels by time:
     D:4: 1598 daAuts
     D:1: 1359 daAuts
     D:5: 1256 daAuts
     D:3: 1197 daAuts
     D:6: 1106 daAuts
     D:7: 965 daAuts
     D:2: 919 daAuts
     D:8: 551 daAuts
